 Dungeon Crawl Stone Soup version 0.21-a0-78-g82a99e0 (webtiles) character file.

508 qandnotyew the Bolt Thrower (level 6, -5/48 HPs)
             Began as a Centaur Hunter on June 21, 2017.
             Slain by an ogre
             ... wielding a +0 giant club
              (29 damage)
             ... on level 4 of the Dungeon.
             The game lasted 00:07:51 (4442 turns).

qandnotyew the Bolt Thrower (Centaur Hunter)        Turns: 4442, Time: 00:07:52

Health: -5/48      AC:  7    Str: 15    XL:     6   Next: 98%
Magic:  4/4        EV:  5    Int: 12    God:
Gold:   239        SH:  4    Dex: 11    Spells: 5/5 levels left

rFire    . . .     SeeInvis .   b - +0 broad axe
rCold    . . .     Gourm    .   (no shield)
rNeg     . . .     Faith    +   t - +0 chain mail
rPois    .         Spirit   .   (no helmet)
rElec    .         Reflect  .   (no cloak)
rCorr    .         Harm     .   (no gloves)
MR       .....                  (no barding)
Stlth    ..........             q - amulet of faith
HPRegen  0.16/turn              (no ring)
MPRegen  0.09/turn              (no ring)

@: very quick
A: hooves 3, large bone plates 1, clever 1, deformed body, speed 2, low mp 2,
tough skin 3
a: no special abilities


You were on level 4 of the Dungeon.
You were not hungry.

You visited 2 branches of the dungeon, and saw 5 of its levels.

You collected 239 gold pieces.

Inventory:

Hand Weapons
 a - a +1 hand crossbow
 b - a +0 broad axe (weapon)
Missiles
 d - 41 bolts
Armour
 c - a +0 leather armour
 t - a +0 chain mail (worn)
 v - a +0 plate armour
Jewellery
 q - an amulet of faith (around neck)
 s - an uncursed ring of ice
Scrolls
 e - a scroll of fear {unknown}
 i - a scroll of amnesia {unknown}
 l - a scroll of identify {unknown}
 m - a scroll of enchant armour {unknown}
 n - a scroll of blinking
 o - 2 scrolls of teleportation {unknown}
 r - a scroll of random uselessness {unknown}
Potions
 h - a potion of heal wounds
 j - 5 potions of curing {unknown}
 p - a potion of ambrosia {unknown}
Comestibles
 f - a bread ration
 g - 3 fruits
 k - 3 royal jellies


   Skills:
 - Level 2.0 Fighting
 * Level 4.7 Axes
 - Level 5.1 Crossbows
 + Level 1.0 Armour
 - Level 3.2 Dodging
 - Level 0.4 Stealth


You had 5 spell levels left.
You didn't know any spells.

Dungeon Overview and Level Annotations

Branches:
Dungeon (4/15)             Temple (1/1) D:4

Altars:
Ashenzari
Cheibriados
Dithmenos
Elyvilon
Fedhas
Hepliaklqana
Kikubaaqudgha
Makhleb
Ru
Sif Muna
Trog
Uskayaw
Vehumet
Yredelemnul
Zin
The Shining One


Innate Abilities, Weirdness & Mutations

You have hooves in place of feet.
Armour fits poorly on your strangely shaped body.
You cover ground very quickly.
You have extremely tough skin. (AC +3)
You are partially covered in large bone plates. (SH +4)
Your mind is acute. (Int +2)
Your magical capacity is very low. (-20% MP)


Message History

Firing (i - inventory):
d - 43 bolts (quivered)
Press: ? - help, Shift-Dir - straight line, f/p - ogre
Aim: an ogre, wielding a giant club (lightly wounded)
You shoot a bolt. The bolt hits the ogre!
The ogre is moderately wounded.
Firing (i - inventory):
d - 42 bolts (quivered)
Press: ? - help, Shift-Dir - straight line, f/p - ogre
Aim: an ogre, wielding a giant club (moderately wounded)
You shoot a bolt. The bolt barely misses the ogre.
b - a +0 broad axe (weapon)
The ogre hits you with a giant club!!
Ouch! That really hurt!
You are too injured to fight recklessly!
You are too injured to fight recklessly!
You are too injured to fight recklessly!
You barely miss the ogre.
The ogre is moderately wounded.
The ogre hits you with a giant club!!
Ouch! That really hurt!
You die...

#.....# #.(.....+
#.....+
.......#...+.......#
#.....#
.......#...#.......#
#.....#
......#...#.(.....#
#<....#
.....#...#.(.....#
####...
#####..§≈≈..#.......#
#...
#.....≈≈§≈≈.#.O.....#
#...
#....≈≈≈≈≈≈≈#.@.....#
#...
#....≈§≈>≈§≈#.......#
#...
#...§≈§§≈≈§........#
#...
'###....≈§≈÷≈.........#
#...
.........§≈§..#.......#
#...
..............#.......#
#...
..............#.......#
#...
#.####...##...#.......#
#...
##...##...#.......#
#...


You could see an ogre.

Vanquished Creatures
  The ghost of ArcticSniper the Skirmisher, an amateur HuWn (D:3)
  A centaur skeleton (D:4)
  Terence (D:2)
  An iguana (D:4)
  Natasha (thrice) (D:4)
  A worker ant (D:4)
  5 adders
  2 oozes (D:1)
  3 worms
  A leopard gecko (D:3)
  An orc (D:3)
  A ball python (D:2)
  5 bats (D:1)
  5 giant cockroaches
  6 goblins
  7 hobgoblins
  2 quokkas (D:2)
  4 frilled lizards (D:1)
  9 kobolds
  A leopard gecko skeleton (D:4)
  8 rats
68 creatures vanquished.

Notes
Turn   | Place    | Note
-------+----------+-------------------------------------------
     0 | D:1      | qandnotyew the Centaur Hunter began the quest for the Orb.
     0 | D:1      | Reached XP level 1. HP: 17/17 MP: 1/1
   281 | D:1      | Reached XP level 2. HP: 24/24 MP: 2/2
   675 | D:1      | Reached skill level 5 in Crossbows
  1051 | D:2      | Reached XP level 3. HP: 25/29 MP: 3/3
  1128 | D:2      | Noticed Terence
  1155 | D:2      | Killed Terence
  1155 | D:2      | Reached skill level 1 in Axes
  1402 | D:2      | Reached XP level 4. HP: 20/36 MP: 4/4
  2326 | D:3      | Noticed ArcticSniper's ghost (amateur HuWn)
  2483 | D:3      | Killed ArcticSniper's ghost
  2483 | D:3      | Reached XP level 5. HP: 18/41 MP: 5/5
  2483 | D:3      | Reached XP level 6. HP: 21/48 MP: 6/6
  3118 | D:3      | Found a burning altar of Makhleb.
  3501 | D:3      | Found a shadowy altar of Dithmenos.
  3984 | D:4      | Found a staircase to the Ecumenical Temple.
  3988 | D:4      | Noticed Natasha
  3994 | Temple   | Entered the Ecumenical Temple
  4103 | Temple   | Gained mutation: You are partially covered in large bone plates. (SH +4) [potion of mutation]
  4103 | Temple   | Gained mutation: Your magical capacity is low. (-10% MP) [potion of mutation]
  4103 | Temple   | Gained mutation: Your magical capacity is very low. (-20% MP) [potion of mutation]
  4103 | Temple   | Gained mutation: Your mind is acute. (Int +2) [potion of mutation]
  4111 | D:4      | Killed Natasha
  4127 | D:4      | Noticed Natasha
  4138 | D:4      | Killed Natasha
  4182 | D:4      | Noticed Natasha
  4190 | D:4      | Killed Natasha
  4190 | D:4      | Reached skill level 1 in Armour
  4442 | D:4      | Slain by an ogre

Vault maps used:
D:1:      evilmike_arrival_hilbert_curve
D:2:      uniq_terence
D:3:      nicolae_overflow_crystal_walls, grunt_dithmenos_smoke_and_mirrors
D:4:      minmay_temple_entry_mist, first_bread, uniq_natasha
Temple:   jpeg_temple_clearing

Skill      XL: |  1  2  3  4  5  6 |
---------------+-------------------+-----
Crossbows      | 5 |  5.1
Axes           | 1 3 4 |  4.7
Dodging        | 2 3 |  3.2
Armour         | 1 |  1.0
Fighting       | |  2.0
Stealth        | |  0.4

Action                   |  1- 3 |  4- 6 || total
-------------------------+-------+-------++-------
Melee: Short sword       |    54 |       ||    54
       Kick              |    16 |    20 ||    36
       Hand axe          |    37 |    43 ||    80
       Broad axe         |       |    95 ||    95
 Fire: Hand crossbow     |     7 |    22 ||    29
  Use: Potion            |       |     4 ||     4
       Scroll            |       |     1 ||     1
  Eat: Chunk             |     1 |     8 ||     9
Armor: Leather armour    |    44 |    45 ||    89
       Plate armour      |       |    33 ||    33
       Chain mail        |       |     4 ||     4
Dodge: Dodged            |    43 |    76 ||   119
Block: Other             |       |     3 ||     3
